 Dungeon Crawl Stone Soup version 0.29.1-12-g30fa7ad0bf (webtiles) character file.

Game seed: 12247975278581643405

3 GeoRichter the Firebug (level 1, 0/13 HPs)
             Began as a Demonspawn Fire Elementalist on Dec 19, 2022.
             Frozen to death by an endoplasm (2 damage)
             ... on level 1 of the Dungeon.
             The game lasted 00:00:26 (31 turns).

GeoRichter the Firebug (Demonspawn Fire Elementalist) Turns: 31, Time: 00:00:26

Health: 0/13       AC:  2    Str:  8    XL:     1   Next: 41%
Magic:  3/3        EV: 12    Int: 16    God:
Gold:   0          SH:  0    Dex: 13    Spells: 3/4 levels left

rFire   . . .      SeeInvis .   c - +0 trident
rCold   . . .      Faith    .   (no shield)
rNeg    . . .      Spirit   .   a - +0 robe
rPois   .          Reflect  .   (no helmet)
rElec   .          Harm     .   (no cloak)
rCorr   .          Rampage  .   (no gloves)
Will    .....                   (no boots)
Stlth   ++........              (no amulet)
HPRegen 0.04/turn               (no ring)
MPRegen 0.08/turn               (no ring)

@: no status effects
A: no striking features
a: no special abilities


You were on level 1 of the Dungeon.
You visited 1 branch of the dungeon, and saw 1 of its levels.

Inventory:

Hand Weapons
 c - a +0 trident (weapon)
   (You found it on level 1 of the Dungeon)
Armour
 a - a +0 robe (worn)


   Skills:
 - Level 1.7 Dodging
 - Level 1.7 Stealth
 + Level 2.0 Spellcasting
 * Level 1.2 Conjurations
 + Level 2.7 Fire Magic


You had 3 spell levels left.
You knew the following spells:

 Your Spells              Type           Power      Damage    Failure   Level
a - Foxfire               Conj/Fire      32%        2x1d5     9%          1

Your spell library contained the following spells:

 Spells                   Type           Power      Damage    Failure   Level
 Scorch                   Fire           20%        2d6       10%         2
 Conjure Flame            Conj/Fire      8%         6-21      26%         3
 Inner Flame              Hex/Fire       6%         N/A       34%         3
 Flame Wave               Conj/Fire      8%         2d5       65%         4


Dungeon Overview and Level Annotations

Branches:
Dungeon (1/15) Zot: 5967

Altars:


Message History

Found a staircase leading out of the dungeon.
You open the door.
There is an open door here.
A hobgoblin comes into view.
Found a trident.
A hobgoblin is nearby!
A hobgoblin is nearby!
You conjure some foxfire!
The foxfire hits the hobgoblin.
The hobgoblin shouts!
The foxfire hits the hobgoblin.
You conjure some foxfire!
A rat comes into view.
The foxfire hits the rat.
You kill the rat!
You conjure some foxfire!
A hobgoblin is nearby!
The foxfire hits the hobgoblin but does no damage.
The foxfire hits the hobgoblin.
You kill the hobgoblin!
A bat comes into view.
The bat closely misses you. The bat hits you.
The bat hits you but does no damage.
An endoplasm comes into view.
The endoplasm quivers.
The bat barely misses you. The bat barely misses you. The bat hits you.
You see here a +0 trident.
c - a +0 trident The bat barely misses you.
c - a +0 trident (weapon)
You conjure some foxfire!
The foxfire hits the bat.
You barely miss the bat.
The foxfire hits the endoplasm but does no damage.
The bat completely misses you.
You hit the bat.
You kill the bat!
The endoplasm freezes you.
You are frozen.
The endoplasm hits you.
* * * LOW HITPOINT WARNING * * *
You hit the endoplasm. The endoplasm freezes you.
You are frozen.
* * * LOW HITPOINT WARNING * * *
Okay, then.
Magic courses through your body. The endoplasm freezes you.
You are frozen.
You die...

.. ## .... # ..#
#.#####.#
#.....#.###
#..#...###
#'#......###
#.#......@J######
#.#.....##......#
#.#.....#######..#
##.##....#
#####...#####...
+.....<.....+.###
##.........####
##.......##
##.....##


You could see an endoplasm.

Vanquished Creatures
  A bat (D:1)
  A hobgoblin (D:1)
  A rat (D:1)
3 creatures vanquished.

Vanquished Creatures (others)
  6 foxfires (D:1)
6 creatures vanquished.

Grand Total: 9 creatures vanquished

Notes
Turn   | Place    | Note
-------+----------+-------------------------------------------
     0 | D:1      | GeoRichter the Demonspawn Fire Elementalist began the quest
                  | for the Orb.
     0 | D:1      | Reached XP level 1. HP: 13/13 MP: 3/3
    31 | D:1      | Frozen to death by an endoplasm

Illustrated notes

Levels and vault maps discovered:
D:1:      mrwooster_arrival_arrow, layout_rooms, minmay_pentomino_o4

Action                   || total
-------------------------++-------
Melee: Trident           ||     3
 Cast: Foxfire           ||     4
  Use: Potion            ||     1
Armor: Robe              ||     1
Dodge: Dodged            ||     5
